 Dungeon Sprint DCSS version 0.28-a0-537-g3bccd9ccbf (webtiles) character file.

Game seed: 10835075475817678765

24187 DyedRed the Bludgeoner (level 13, -2/93 HPs)
             Began as a Gargoyle Fighter on Sept 27, 2021.
             Was a High Priest of Okawaru.
             Slain by an ettin (3 damage)
             ... in the Dungeon (Sprint IX: "|||||||||||||||||||||||||||||").
             The game lasted 00:08:43 (3526 turns).

DyedRed the Bludgeoner (Gargoyle Fighter)           Turns: 3526, Time: 00:08:43

Health: -2/93      AC: 32    Str: 25    XL:     13   Next: 11%
Magic:  21/23      EV:  9    Int: 11    God:    Okawaru [*****.]
Gold:   1783       SH: 18    Dex: 12    Spells: 12/12 levels left

rFire   + . .      SeeInvis .   g - +3 whip (elec)
rCold   + + +      Faith    .   E - +1 tower shield
rNeg    + . .      Spirit   .   t - +4 chain mail of Orghynemp {rC+ Int+2 Stlth-}
rPois   ∞          Reflect  .   n - +0 helmet
rElec   +          Harm     .   f - scarf {rC+ rF+}
rCorr   .          Rampage  .   D - +1 pair of gloves
Will    .....      NoTele   +   w - +0 pair of boots
Stlth   ..........              (no amulet)
HPRegen 0.25/turn               p - +3 ring of dexterity
MPRegen 0.18/turn               A - ring of protection from cold

@: finesse-ful, slowed, very slow
A: sickness immunity, AC +9, negative energy resistance 1, electricity
resistance, torment resistance 1, petrification resistance
a: Renounce Religion, Heroism, Finesse


You were in the Dungeon.
You worshipped Okawaru.
Okawaru was extremely pleased with you.
You visited 1 branch You collected 1931 gold pieces.
You spent 148 gold pieces at shops.

Inventory:

Hand Weapons
 g - a +3 whip of electrocution (weapon)
Armour
 a - a +2 plate armour of cold resistance
 f - a scarf of resistance (worn)
 n - a +0 helmet (worn)
 t - the +4 chain mail of Orghynemp (worn) {rC+ Int+2 Stlth-}
   (Okawaru gifted it to you in the Dungeon)

   Int:       It affects your intelligence (+2).
   rC:        It protects you from cold.
   Stlth:     It makes you less stealthy.
 w - a +0 pair of boots (worn)
 D - a +1 pair of gloves (worn)
 E - a +1 tower shield (worn)
Jewellery
 p - a +3 ring of dexterity (left hand)
 A - a ring of protection from cold (right hand)
 B - a ring of see invisible
 C - a ring of ice
Wands
 l - a wand of iceblast (1)
Scrolls
 j - 3 scrolls of blinking
 k - 2 scrolls of amnesia
 r - 6 scrolls of identify
 s - 2 scrolls of fog
 I - 2 scrolls of enchant armour
 J - a scroll of fear
Potions
 e - 9 potions of curing
 h - 4 potions of magic
 i - a potion of resistance
 u - a potion of flight
 F - 2 potions of brilliance
 G - 2 potions of heal wounds
 H - a potion of mutation


   Skills:
 + Level 16.0 Fighting
 + Level 17.2 Maces & Flails
 * Level 12.1 Throwing
 + Level 14.0 Armour
 + Level 7.2 Dodging
 + Level 12.6 Shields
 + Level 14.1 Invocations


You had 12 spell levels left.
You didn't know any spells.
Your spell library was empty.

Dungeon Overview and Level Annotations

Branches:
Dungeon (1/1)

Altars:
Cheibriados
Dithmenos
Elyvilon
Fedhas
Gozag
Hepliaklqana
Kikubaaqudgha
Makhleb
Nemelex Xobeh
Okawaru
Qazlal
Ru
Sif Muna
Trog
Uskayaw
Vehumet
Wu Jian
Xom
Yredelemnul
Zin
The Shining One
Beogh
Jiyva
Lugonu

Shops:
D *(((


Innate Abilities, Weirdness & Mutations

You are immune to sickness and miasma.
Your stone body is resilient. (AC +9)
You are immune to poison.
You resist negative energy. (rN+)
You are resistant to electric shocks. (rElec)
You are resistant to unholy torment.
You are immune to petrification.


Message History

You hit the sphinx. Lightning courses through the sphinx!
The sphinx is severely wounded.
Your shield prevents you from hitting the sphinx.
The sphinx is severely wounded.
The sphinx hits you!
* * * LOW HITPOINT WARNING * * *
You block the sphinx's attack. The sphinx hits you but does no damage.
You hit the sphinx.
The sphinx is severely wounded.
You hit the sphinx. Lightning courses through the sphinx!
The sphinx is almost dead.
You whack the sphinx!
The sphinx is almost dead.
The sphinx casts a spell.
You feel yourself slow down.
You whack the sphinx!
You kill the sphinx!
Okawaru is honoured by your kill.
Your Throwing skill increases to level 12!
Your Armour skill increases to level 14!
You block the great orb of eyes's attack.
The great orb of eyes gazes at you. You resist with significant effort.
Items here: ((( †.
You hit the great orb of eyes.
Lightning courses through the great orb of eyes!!
The great orb of eyes is almost dead.
The great orb of eyes barely misses you.
You hit the great orb of eyes but do no damage.
The great orb of eyes is almost dead.
You whack the great orb of eyes!
Lightning courses through the great orb of eyes!
You kill the great orb of eyes!
Okawaru accepts your kill.
Your Fighting skill increases to level 16!
The ettin hits you with a +0 dire flail!!
* * * LOW HITPOINT WARNING * * *
The ettin closely misses you.
The ettin hits you with a +0 dire flail.
You die...

▓(▓.▓.▓.▓†▓.▓'▓
▓'▓.▓÷▓.▓†▓.▓.▓
▓.▓.▓.▓.▓.▓.▓.▓
▓)▓.▓)▓.▓.▓.▓)▓
▓(▓.▓)▓.▓.▓.▓.▓
▓)▓.▓∩▓.▓.▓.▓.▓
▓)▓.▓.▓.▓.▓.▓.▓
▓(▓.▓∩▓.▓.▓.▓.▓
▓@▓.▓.▓.▓.▓.▓.▓
▓C▓.▓∩▓.▓.▓.▓[▓
▓.▓.▓[▓.▓)▓.▓'▓
▓(▓.▓∩▓.▓)▓.▓)▓
▓.▓.▓.▓.▓.▓.▓÷▓
▓.▓.▓.▓.▓'▓.▓.▓
▓.▓.▓.▓.▓.▓.▓.▓
▓.▓.▓.▓.▓.▓.▓.▓
▓.▓.▓.▓[▓.▓.▓


You could see an ettin.

Vanquished Creatures
  A sphinx (D)
  A great orb of eyes (D)
  A rakshasa (D)
  2 hydras (D)
  An ice dragon (D)
  Erolcha (D)
  4 ogre magi (D)
  A centaur warrior (D)
  Urug (D)
  An orc high priest (D)
  A death yak (D)
  A deep troll earth mage (D)
  Sonja (D)
  6 deep trolls (D)
  An orc knight (D)
  2 cyclopes (D)
  4 ugly things (D)
  A manticore (D)
  An elephant (D)
  A black mamba (D)
  A guardian serpent (shapeshifter) (D)
  A cane toad (D)
  An unseen horror (D)
  A freezing wraith (D)
  2 komodo dragons (D)
  5 trolls (D)
  3 blink frogs (D)
  A tyrant leech (D)
  A slime creature (D)
  3 yaks (D)
  Eustachio (D)
  Grum (D)
  A basilisk (D)
  A vampire mosquito (D)
  An acid dragon (D)
  3 water moccasins (D)
  9 orc warriors (D)
  5 wolves (D)
  A phantom (D)
  A kobold brigand (D)
  7 bullfrogs (D)
  4 orc priests (D)
  A hound (D)
  An iguana (D)
  4 orc wizards (D)
  An adder zombie (D)
  9 orcs (D)
  A goblin (D)
  A hobgoblin (D)
  A kobold (D)
  A quokka (D)
  A bat (D)
108 creatures vanquished.

Notes
Turn   | Place    | Note
-------+----------+-------------------------------------------
     0 | D        | DyedRed the Gargoyle Fighter began the quest for the Orb.
     0 | D        | Reached XP level 1. HP: 14/14 MP: 1/1
   150 | D        | Noticed a hound
   150 | D        | Noticed an orc priest
   150 | D        | Noticed an iguana
   150 | D        | Noticed a phantom
   161 | D        | Killed a hound
   162 | D        | Reached skill level 3 in Maces & Flails
   162 | D        | Reached XP level 2. HP: 20/20 MP: 2/2
   162 | D        | Reached XP level 3. HP: 25/25 MP: 3/3
   165 | D        | Reached skill level 5 in Fighting
   165 | D        | Reached skill level 4 in Maces & Flails
   165 | D        | Reached skill level 5 in Armour
   165 | D        | Reached skill level 5 in Shields
   165 | D        | Reached XP level 4. HP: 15/31 MP: 4/4
   181 | D        | Killed a phantom
   182 | D        | Reached skill level 6 in Maces & Flails
   182 | D        | Reached skill level 1 in Dodging
   182 | D        | Reached XP level 5. HP: 17/37 MP: 5/5
   368 | D        | Found a snail-covered altar of Cheibriados.
   368 | D        | Found a shadowy altar of Dithmenos.
   368 | D        | Found a white marble altar of Elyvilon.
   368 | D        | Found a blossoming altar of Fedhas.
   368 | D        | Found an opulent altar of Gozag.
   369 | D        | Found a hazy altar of Hepliaklqana.
   370 | D        | Found a viscous altar of Jiyva.
   371 | D        | Found an ancient bone altar of Kikubaaqudgha.
   372 | D        | Found a corrupted altar of Lugonu.
   373 | D        | Found a burning altar of Makhleb.
   374 | D        | Found a sparkling altar of Nemelex Xobeh.
   375 | D        | Found an iron altar of Okawaru.
   376 | D        | Found a stormy altar of Qazlal.
   377 | D        | Found a sacrificial altar of Ru.
   378 | D        | Found a shimmering blue altar of Sif Muna.
   379 | D        | Found a bloodstained altar of Trog.
   380 | D        | Found a hide-covered altar of Uskayaw.
   381 | D        | Found a radiant altar of Vehumet.
   382 | D        | Found an ornate altar of the Wu Jian Council.
   383 | D        | Found a shimmering altar of Xom.
   384 | D        | Found a basalt altar of Yredelemnul.
   385 | D        | Found a glowing silver altar of Zin.
   386 | D        | Found a glowing golden altar of the Shining One.
   391 | D        | Became a worshipper of Warmaster Okawaru
   445 | D        | Noticed a yak
   445 | D        | Noticed a troll
   445 | D        | Noticed a kobold brigand
   445 | D        | Noticed an orc warrior
   453 | D        | Killed a yak
   454 | D        | Reached skill level 8 in Maces & Flails
   454 | D        | Reached XP level 6. HP: 30/44 MP: 5/8
   457 | D        | HP: 2/44 [troll (7)]
   461 | D        | Killed a troll
   461 | D        | Reached * piety under Okawaru
   462 | D        | Reached skill level 9 in Maces & Flails
   462 | D        | Reached XP level 7. HP: 9/49 MP: 5/10
   475 | D        | Reached skill level 10 in Maces & Flails
   486 | D        | Reached skill level 5 in Invocations
   497 | D        | Killed an unseen horror
   497 | D        | Reached ** piety under Okawaru
   498 | D        | Reached skill level 11 in Maces & Flails
   498 | D        | Reached XP level 8. HP: 13/56 MP: 8/12
   745 | D        | Noticed a green ugly thing
   745 | D        | Noticed a green ugly thing
   745 | D        | Noticed a four-headed hydra
   745 | D        | Noticed a slime creature
   745 | D        | Noticed a purple ugly thing
   755 | D        | Killed a brown ugly thing
   770 | D        | Killed a cyan ugly thing
   770 | D        | Reached *** piety under Okawaru
   771 | D        | Reached skill level 10 in Fighting
   771 | D        | Reached skill level 12 in Maces & Flails
   771 | D        | Reached XP level 9. HP: 41/62 MP: 11/14
   780 | D        | Killed a four-headed hydra
   780 | D        | Reached **** piety under Okawaru
   800 | D        | Killed a purple ugly thing
   801 | D        | Reached skill level 13 in Maces & Flails
   801 | D        | Reached skill level 5 in Throwing
  1115 | D        | Noticed Urug
  1132 | D        | Killed Urug
  1132 | D        | Reached ***** piety under Okawaru
  1132 | D        | Received a gift from Okawaru
  1133 | D        | Reached XP level 10. HP: 26/70 MP: 14/16
  1433 | D        | Noticed a cane toad
  1447 | D        | Reached skill level 5 in Dodging
  1478 | D        | Killed a cane toad
  1479 | D        | Reached skill level 14 in Maces & Flails
  1487 | D        | Identified the +4 chain mail of Orghynemp {rC+ Int+2
                  | Stlth-} (Okawaru gifted it to you in the Dungeon)
  1487 | D        | Received a gift from Okawaru
  1637 | D        | Noticed a five-headed hydra
  1637 | D        | Noticed an elephant
  1639 | D        | Noticed a death yak
  1645 | D        | Killed a five-headed hydra
  1645 | D        | Noticed a black mamba
  1646 | D        | Reached skill level 10 in Invocations
  1648 | D        | Killed an elephant
  1649 | D        | Reached skill level 10 in Armour
  1668 | D        | Killed a death yak
  1669 | D        | Reached XP level 11. HP: 66/76 MP: 11/19
  1686 | D        | Reached skill level 15 in Maces & Flails
  1892 | D        | Noticed Erolcha
  1899 | D        | Killed Erolcha
  1908 | D        | Noticed Sonja
  2070 | D        | Noticed Eustachio
  2089 | D        | Killed Eustachio
  2126 | D        | Killed Sonja
  2126 | D        | Received a gift from Okawaru
  2245 | D        | Noticed an orc high priest
  2247 | D        | Reached skill level 10 in Shields
  2247 | D        | Noticed an orc knight
  2249 | D        | Killed an orc high priest
  2249 | D        | Received a gift from Okawaru
  2269 | D        | Killed an orc knight
  2820 | D        | Found Mozociv's General Store.
  2820 | D        | Noticed an ogre mage
  2820 | D        | Noticed a deep troll
  2820 | D        | Noticed a deep troll
  2820 | D        | Noticed an ogre mage
  2820 | D        | Noticed a deep troll
  2824 | D        | Killed an ogre mage
  2825 | D        | Killed a deep troll
  2825 | D        | Killed a deep troll
  2825 | D        | Killed an ogre mage
  2826 | D        | Reached skill level 16 in Maces & Flails
  2826 | D        | Reached skill level 10 in Throwing
  2826 | D        | Reached XP level 12. HP: 85/85 MP: 13/21
  2826 | D        | Noticed an ogre mage
  2827 | D        | Found Dutziavone's Weapon Shoppe.
  2838 | D        | Found Neck's Antique Weapon Emporium.
  2843 | D        | Killed an ogre mage
  2857 | D        | Found Yfuthium's Weapon Shoppe.
  2878 | D        | HP: 4/86 [deep troll (5)]
  3204 | D        | Bought a glowing whip for 148 gold pieces
  3267 | D        | Noticed Grum
  3283 | D        | Killed Grum
  3283 | D        | Received a gift from Okawaru
  3444 | D        | Noticed a centaur warrior
  3444 | D        | Noticed an ogre mage
  3447 | D        | Killed an ogre mage
  3448 | D        | Reached skill level 15 in Fighting
  3448 | D        | Killed a centaur warrior
  3448 | D        | Received a gift from Okawaru
  3462 | D        | Noticed an ice dragon
  3468 | D        | Noticed a deep troll earth mage
  3470 | D        | Noticed a rakshasa
  3476 | D        | Noticed a sphinx
  3482 | D        | Noticed a sphinx
  3488 | D        | Noticed a great orb of eyes
  3490 | D        | Killed an ice dragon
  3491 | D        | Reached skill level 17 in Maces & Flails
  3491 | D        | Noticed an ettin
  3499 | D        | Killed a deep troll earth mage
  3508 | D        | Killed a rakshasa
  3509 | D        | Reached XP level 13. HP: 41/93 MP: 19/23
  3521 | D        | Killed a sphinx
  3525 | D        | Killed a great orb of eyes
  3526 | D        | HP: 1/93 [ettin (21)]
  3526 | D        | Slain by an ettin

Illustrated notes

Levels and vault maps discovered:
D:        linesprint [early_d, line_temple, items_1, d_10, items_2, lair_1,
          lair_end, items_3, orc_1, orc_end, items_4, d_15, swamp_1, shoals_1,
          snake_1, spider_1, d_20, vaults_1, items_5, swamp_end, shoals_end,
          snake_end, spider_end, vaults_end, d_27, items_6, zot_1, zot_end,
          crypt_end, forest_end, elf_end, slime_end, tomb_end, abyss_end,
          pan_hell_end]

Skill      XL: |  1  2  3  4  5  6  7  8  9 10 11 12 13 |
---------------+----------------------------------------+-----
Fighting       | 4 5 6 7 8 9 10 11 12 14 15 16 | 16.0
Maces & Flails | 3 4 6 8 9 11 12 13 14 16 17 | 17.2
Armour         | 4 5 6 7 8 9 10 12 13 14 | 14.0
Shields        | 4 5 6 7 8 9 10 12 | 12.6
Dodging        | 1 2 3 4 5 6 7 |  7.2
Invocations    | 2 4 5 7 9 10 12 14 | 14.1
Throwing       | 3 5 7 10 11 12 | 12.1

Action                   |  1- 3 |  4- 6 |  7- 9 | 10-12 | 13-15 || total
-------------------------+-------+-------+-------+-------+-------++-------
Melee: Flail             |    33 |    38 |    93 |   273 |       ||   437
       Whip              |       |       |       |    64 |    15 ||    79
Throw: Javelin           |       |       |       |    40 |       ||    40
       Dart              |       |       |       |     2 |       ||     2
Invok: Heroism           |       |       |     2 |     7 |       ||     9
       Finesse           |       |       |       |     5 |       ||     5
Evoke: Wand              |       |       |     9 |       |       ||     9
  Use: Potion            |     1 |     4 |     2 |     2 |       ||     9
       Scroll            |       |       |     1 |     1 |       ||     2
 Stab: Invisible         |       |       |     3 |       |       ||     3
Armor: Scale mail        |    21 |    13 |       |       |       ||    34
       Ring mail         |       |     5 |    30 |     8 |       ||    43
       Chain mail        |       |       |       |   113 |     5 ||   118
Dodge: Dodged            |    14 |    24 |    33 |   107 |     2 ||   180
Block: Buckler           |     3 |     9 |    14 |    81 |       ||   107
       Tower shield      |       |       |       |    40 |     5 ||    45

Table legend: (Time is in decaauts)
 A = Elapsed time spent in this place.
 B = Non-inter-level travel time spent in this place.
 C = Inter-level travel time spent in this place.
 D = Time resting spent in this place.
 E = Time spent auto-exploring this place.
 F = Levels seen in this place.
 G = Mean time per level.
                   A        B        C        D        E       F      G
               +--------+--------+--------+--------+--------+-----+--------+
         Total |   3320 |   3320 |      0 |    665 |   1686 |   1 | 3320.0 |
       Dungeon |   3320 |   3320 |      0 |    665 |   1686 |   1 | 3320.0 |
               +--------+--------+--------+--------+--------+-----+--------+

Top non-repeatable levels by time:
       D: 3320 daAuts
